 Dungeon Crawl Stone Soup version 0.21-a0-450-gd87a9b2 (webtiles) character file.

188 Gorice the Bolt Thrower (level 5, -5/37 HPs)
             Began as a Demonspawn Wanderer on Nov 18, 2017.
             Killed by divine providence
             ... invoked by an orc priest
              (13 damage)
             ... on level 3 of the Dungeon.
             The game lasted 00:12:45 (3194 turns).

Gorice the Bolt Thrower (Demonspawn Wanderer)       Turns: 3194, Time: 00:12:45

Health: -5/37      AC:  9    Str: 16    XL:     5   Next: 39%
Magic:  6/6        EV:  9    Int: 14    God:
Gold:   118        SH:  0    Dex: 11    Spells: 6/6 levels left

rFire    . . .     SeeInvis .   a - +1 dagger (venom)
rCold    + . .     Gourm    .   (no shield)
rNeg     . . .     Faith    .   x - +2 scale mail
rPois    .         Spirit   .   (no helmet)
rElec    .         Reflect  .   (no cloak)
rCorr    .         Harm     .   d - +0 pair of gloves
MR       .....                  (no boots)
Stlth    ..........             r - amulet of rage
HPRegen  0.12/turn              l - ring of protection from cold
MPRegen  0.10/turn              (no ring)

@: heavily drained
A: thin skeletal structure 1
a: Evoke Berserk Rage


You were on level 3 of the Dungeon.
You were not hungry.

You visited 1 branch of the dungeon, and saw 3 of its levels.

You collected 118 gold pieces.

Inventory:

Hand Weapons
 a - a +1 dagger of venom (weapon)
   (You took it off a goblin on level 3 of the Dungeon)
 b - a +0 hand crossbow
 c - a +0 quarterstaff
 i - a +0 whip
 j - a +0 trident
Missiles
 t - 8 tomahawks (quivered)
 z - 13 bolts
 Y - 58 stones
Armour
 d - a +0 pair of gloves (worn)
 x - a +2 scale mail (worn)
Jewellery
 l - a ring of protection from cold (left hand)
 n - an uncursed ring of wizardry
 r - an amulet of rage (around neck)
Wands
 u - a wand of digging (12/24)
Scrolls
 o - a scroll of immolation {unknown}
 y - 2 scrolls of identify
Potions
 e - a potion of heal wounds {!q}
 g - a potion of lignification {!q}
 m - a potion of magic {!q}
 q - 2 potions of flight
 v - 2 potions of haste {!q}
 w - a potion of invisibility {unknown}
Books
 s - a book of Cantrips
Comestibles
 f - 2 bread rations {!e}
 h - 10 chunks of flesh
 k - 2 meat rations {!e}
 p - a royal jelly


   Skills:
 - Level 1.0(0.0) Fighting
 - Level 1.7(0.5) Maces & Flails
 * Level 3.8(2.5) Crossbows
 - Level 1.0(0.0) Throwing
 + Level 3.2(1.9) Armour
 - Level 1.0(0.0) Stealth
 - Level 1.0(0.0) Spellcasting
   Level 1.7(0.5) Transmutations


You had 6 spell levels left.
You didn't know any spells.

Dungeon Overview and Level Annotations

Branches:
Dungeon (3/15)

Altars:

Annotations:
D:2 vpUX: iguana


Innate Abilities, Weirdness & Mutations

You have a somewhat thin skeletal structure. (Dex +2, Stealth)


Message History

The orc is lightly wounded.
The orc hits you but does no damage.
You hit the orc.
The orc looks as sick as possible!
The orc is severely wounded.
You kill the orc!
No target in view!
No target in view!
Items here: ))) [ † a whip; a leather armour; a club; a falchion; an orc corpse You butcher the orc corpse.
h - 6 chunks of flesh (gained 4)
Items here: ))) [ ÷ a whip; a leather armour; a club; a falchion; an orc skeleton
There is a stone staircase leading down here.
You climb downwards.
The orc closely misses you. The orc hits you.
There is a stone staircase leading up here.
Damage: 3 (max 3)
The orc barely misses you.
You climb upwards.
Level annotation: vpUX: iguana
There is a stone staircase leading down here.
You hit the orc.
The orc is poisoned.
The orc is moderately wounded.
The orc hits you.
Damage: 3 (max 3)
You hit the orc.
You kill the orc!
No target in view!
No target in view!
Items here: ))) [[ ÷ † You butcher the orc corpse.
h - 10 chunks of flesh (gained 4)
Items here: ))) [[ ÷
There is a stone staircase leading down here.
Items here: ))) [[ ÷
Okay, then.
There is a stone staircase leading down here.
You start resting.
HP restored.
You climb downwards.
The orc priest calls down the wrath of Beogh upon you.
Pain shoots through your body!
The orc priest mumbles some strange prayers to Beogh against you.
Beogh smites you!
* * * LOW HITPOINT WARNING * * *
There is a stone staircase leading up here.
Damage: 29 (max 29)
The orc priest invokes the aid of Beogh against you.
Beogh smites you!
You die...

#....# ###...o...#.
#....#######
###.).o.######
#....##....# #..o#.###
##....##....###o##o.# #
..#.....#.....##.)...##
. #..>..)..###.....####
#. #.#.#..#.#..o#####
#. # #.#.#.#....#.###
#.#.#...#.....@..#
#.........####.#..#
##.....#####........#
##.##..#####.#.##.....
#..............# ###..
.................. .
.#.#.....####.#### #
#...#.####.#
......#.)#...#


You could see an orc priest.

Vanquished Creatures
  A centaur skeleton (D:3)
  Natasha (thrice) (D:2)
  3 adders
  A worm (D:3)
  A leopard gecko (D:1)
  5 orcs (D:2)
  8 goblins
  6 hobgoblins
  4 jackals (D:2)
  3 kobolds
  A quokka (D:2)
  5 bats
  4 frilled lizards
  9 rats
54 creatures vanquished.

Notes
Turn   | Place    | Note
-------+----------+-------------------------------------------
     0 | D:1      | Gorice the Demonspawn Wanderer began the quest for the Orb.
     0 | D:1      | Gorice set off with: a +2 scale mail, a +0 hand crossbow, 26 bolts, a scroll of teleportation {!r}, a bread ration {!e}
     0 | D:1      | Reached XP level 1. HP: 15/15 MP: 2/2
    32 | D:1      | Reached skill level 1 in Crossbows
    32 | D:1      | Reached skill level 2 in Armour
    69 | D:1      | Gained mutation: You have a somewhat thin skeletal structure. (Dex +2, Stealth) [demonic ancestry]
    69 | D:1      | Reached XP level 2. HP: 21/21 MP: 3/3
   674 | D:2      | Noticed Natasha
   679 | D:2      | Killed Natasha
   679 | D:2      | Reached skill level 2 in Crossbows
   679 | D:2      | Reached XP level 3. HP: 14/26 MP: 4/4
   686 | D:2      | Noticed Natasha
   688 | D:2      | Killed Natasha
   836 | D:2      | Reached XP level 4. HP: 32/32 MP: 5/5
   889 | D:2      | Reached skill level 3 in Crossbows
  1075 | D:2      | HP: 9/32 [iguana (6)]
  1934 | D:2      | Noticed Natasha
  1935 | D:2      | Killed Natasha
  1935 | D:2      | Reached skill level 3 in Armour
  2556 | D:3      | Reached XP level 5. HP: 28/37 MP: 6/6
  3193 | D:3      | HP: 8/37 [orc priest/divine providence (17)]
  3194 | D:3      | Killed from afar by an orc priest

Vault maps used:
D:1:      dpeg_arrival_arbitrary_b
D:2:      first_bread, uniq_natasha
D:3:      kennysheep_crisscross, kennysheep_jessica_study

Skill      XL: |  1  2  3  4 |
---------------+-------------+-----
Crossbows      | 1 2 3 |  3.8
Armour         | 2 3 |  3.2
Fighting       | |  1.0
Maces & Flails | |  1.7
Throwing       | |  1.0
Stealth        | |  1.0
Spellcasting   | |  1.0
Transmutations | |  1.7

Action                   |  1- 3 |  4- 6 || total
-------------------------+-------+-------++-------
Melee: Quarterstaff      |       |    13 ||    13
       Dagger            |       |    20 ||    20
 Fire: Hand crossbow     |    46 |    83 ||   129
  Use: Scroll            |     3 |     4 ||     7
  Eat: Chunk             |       |     7 ||     7
Armor: Scale mail        |    10 |    44 ||    54
Dodge: Dodged            |    14 |    43 ||    57

Table legend:
 A = Spawn XP
 B = Non-spawn XP
 C = Spawn XP percentage of total XP
 D = Spawn monster count
 E = Non-spawn monster count
 F = Spawn count percentage of total count
 G = Total turns spent on level
                    A         B        C        D         E        F      G
               +---------+---------+-------+---------+---------+-------+---------
         Total |       0 |     269 |   0.0 |       0 |      54 |   0.0 |  3194
               +---------+---------+-------+---------+---------+-------+---------
           D:1 |       0 |      24 |   0.0 |       0 |      15 |   0.0 |   884
           D:2 |       0 |     178 |   0.0 |       0 |      31 |   0.0 |  1771
           D:3 |       0 |      67 |   0.0 |       0 |       8 |   0.0 |   539
               +---------+---------+-------+---------+---------+-------+---------

Table legend:
 A = Turns spent in this place as a percentage of turns spent in the entire game.
 B = Non-inter-level travel turns spent in this place as a percentage of non-inter-level travel turns spent in the entire game.
 C = Inter-level travel turns spent in this place as a percentage of turns spent in this place.
 D = Turns resting spent in this place as a percentage of non-inter-level travel turns spent in this place.
 E = Turns spent auto-exploring this place as a percentage of non-inter-level travel turns spent in this place.
 F = Non-inter-level travel turns spent in this place divided by the number of levels of this place that you've seen.
                   A       B       C       D       E      F
               +-------+-------+-------+-------+-------+----------------------
         Total | 100.0 | 100.0 |   3.1 |  38.1 |  27.3 | 1031.7
       Dungeon | 100.0 | 100.0 |   3.1 |  38.1 |  27.3 | 1031.7
               +-------+-------+-------+-------+-------+----------------------

Vault maps used:
D:1:      dpeg_arrival_arbitrary_b
D:2:      first_bread, uniq_natasha
D:3:      kennysheep_crisscross, kennysheep_jessica_study
